 Dungeon Crawl Stone Soup version 0.31.0-1-g2c135a0 (webtiles) character file.

Game seed: 17860663161811057665

11 hungry the Conjurer (level 2, 0/19 HPs)
             Began as a Human Conjurer on Mar 9, 2024.
             Succumbed to a kobold's poison
             ... on level 1 of the Dungeon.
             The game lasted 00:06:30 (231 turns).

hungry the Conjurer (Human Conjurer)                 Turns: 231, Time: 00:06:30

Health: 0/19       AC:  2    Str:  7    XL:     2   Next: 29%
Magic:  0/5        EV: 12    Int: 18    God:
Gold:   26         SH:  0    Dex: 11    Spells: 2/5 levels left

rFire   . . .        c - +0 sling
rCold   . . .        (no shield)
rNeg    . . .        a - +0 robe
rPois   .            (no helmet)
rElec   .            (no cloak)
rCorr   .            (no gloves)
SInv    .            (no boots)
Will    .....        (no amulet)
Stlth   ++           (no ring)
HPRegen 0.23/turn    (no ring)
MPRegen 0.09/turn

%: no passive effects
@: lethally poisoned (0 -> -4)
A: explore regen
a: no special abilities


You were on level 1 of the Dungeon.
You visited 1 branch of the dungeon, and saw 1 of its levels.

You collected 26 gold pieces.

Inventory:

Hand Weapons
 c - a +0 sling (weapon)
 e - a +0 dagger
Armour
 a - a +0 robe (worn)
Scrolls
 d - a scroll of blinking {unknown}
 f - a scroll of fear {unknown}
 g - a scroll of revelation {unknown}
Potions
 b - a potion of magic


   Skills:
 + Level 0.3 Fighting
 + Level 2.0 Dodging
 + Level 2.1 Stealth
 + Level 2.1 Spellcasting
 + Level 4.2 Conjurations


You had 2 spell levels left.
You knew the following spells:

 Your Spells              Type           Power      Damage    Failure   Level
a - Magic Dart            Conj           68%        1d6       3%          1
b - Searing Ray           Conj           34%        2d5       4%          2

Your spell library contained the following spells:

 Spells                   Type           Power      Damage    Failure   Level
 Fulminant Prism          Conj/Alch      4%         3d5       58%         4
 Iskenderun's Mystic Bla  Conj/Tloc      9%         2d4       58%         4


Dungeon Overview and Level Annotations

Branches:
Dungeon (1/15)

Altars:


Innate Abilities, Weirdness & Mutations

You regain HP and MP as you explore.


Message History

Fire: c) +0 sling
Press: ? - help, Q - select action, (/) - cycle Shift-Dir - straight line, f/p - quokka
Aim: a quokka (severely wounded, 35% to hit)
You shoot a sling bullet.
The sling bullet barely misses the quokka.
The sling bullet barely misses the kobold.
The quokka bites you but does no damage.
The quokka bites you.
Fire: c) +0 sling
Press: ? - help, Q - select action, (/) - cycle Shift-Dir - straight line, f/p - quokka
Aim: a quokka (severely wounded, 35% to hit)
You shoot a sling bullet.
The sling bullet hits the quokka but does no damage.
The quokka is severely wounded.
The quokka bites you.
Fire: c) +0 sling
Press: ? - help, Q - select action, (/) - cycle Shift-Dir - straight line, f/p - quokka
Aim: a quokka (severely wounded, 35% to hit)
You shoot a sling bullet.
The sling bullet closely misses the quokka.
The sling bullet closely misses the kobold.
The quokka completely misses you. The quokka bites you.
The kobold hits you with a +3 dagger of venom.
* * * LOW HITPOINT WARNING * * *
You are lethally poisoned!
* * * LOW HITPOINT WARNING * * *
You feel sick.
Casting: Searing Ray (safe; 4% risk of failure)
Confirm with . or Enter, or press ? or * to list all spells.
Aiming: Searing Ray (safe; 4% risk of failure)
Press: ? - help, Shift-Dir - straight line, f - kobold, p - quokka
Aim: a kobold, wielding a +3 dagger of venom (72% to hit)
The searing ray hits the quokka!
You kill the quokka!
The searing ray hits the kobold.
You kill the kobold! (Press . to maintain the ray.)
* * * LOW HITPOINT WARNING * * *
You feel sick.
You die...

#....#.# #######..#
######.###########..##
#...........#...# #
###########.##..#
..##### #.##.##
....... #######
#...... .......
#.....# #.##.##
.......####.....##
#.##...
......)'.@.......#
#######
.......###.......#
##♣≈≈≈ ###....
#.......# #>.♣~≈ #....
#.......# ###..♣♣
......
#.......###<.....
#......
#.........###..♣♣
#..>#..
#.......####..♣~≈
....... #.##....#
##♣~≈≈
#.##..#.#########


There were no monsters in sight!

Vanquished Creatures
  2 endoplasms (D:1)
  A goblin (D:1)
  3 jackals (D:1)
  2 kobolds (D:1)
  A quokka (D:1)
9 creatures vanquished.

Notes
Turn   | Place    | Note
-------+----------+-------------------------------------------
     0 | D:1      | hungry the Human Conjurer began the quest for the Orb.
     0 | D:1      | Reached XP level 1. HP: 13/13 MP: 3/3
   110 | D:1      | Reached XP level 2. HP: 19/19 MP: 0/5
   113 | D:1      | Learned a level 2 spell: Searing Ray
   231 | D:1      | Succumbed to a kobold's poison

Illustrated notes

Levels and vault maps discovered:
D:1:      saegor_arrival_simple_d, layout_basic

Action                     || total
---------------------------++-------
  Melee: Unarmed           ||    21
   Fire: Sling             ||     7
   Cast: Magic Dart        ||     7
         Searing Ray       ||     4
 Armour: Robe              ||    16
  Dodge: Dodged            ||    24
